 Dungeon Crawl Stone Soup version 0.28.0-53-g5a82cb258f (webtiles) character file.

Game seed: 12848233349971556233

6682 Plasmagod the Carver (level 10, -2/90 HPs)
             Began as a Minotaur Fighter on July 12, 2022.
             Was a Follower of Ru.
             Engulfed by an ice statue's freezing vapour (18 damage)
             ... in an ice cave.
             The game lasted 00:54:25 (10390 turns).

Plasmagod the Carver (Minotaur Fighter)            Turns: 10390, Time: 00:54:25

Health: -2/90      AC: 21    Str: 24    XL:     10   Next: 73%
Magic:  9/9        EV:  4    Int:  5    God:    Ru [*.....]
Gold:   448        SH: 14    Dex: 11    Spells: 9/9 levels left

rFire   . . .      SeeInvis .   j - +3 falchion (holy)
rCold   . . .      Faith    .   E - +0 tower shield
rNeg    . . .      Spirit   .   B - +0 plate armour
rPois   .          Reflect  .   (helmet restricted)
rElec   .          Harm     .   t - +2 cloak {Will+}
rCorr   .          Rampage  .   (no gloves)
Will    +....                   F - +2 pair of boots
Stlth   ..........              (no amulet)
HPRegen 0.25/turn               x - +4 ring of slaying
MPRegen 0.11/turn               (no ring)

@: no status effects
A: horns 2, hated by all, retaliatory headbutt
a: Renounce Religion


You were in an ice cave.
You worshipped Ru.
Ru was aware of your devotion.
You visited 3 branches of the dungeon, and saw 11 of its levels.
You also visited: Ice Cave.

You collected 448 gold pieces.

Inventory:

Hand Weapons
 j - a +3 falchion of holy wrath (weapon)
 n - a +0 hunting sling of freezing
Missiles
 e - 54 sling bullets
 v - 2 throwing nets (quivered)
Armour
 b - a +1 scale mail
 s - a +1 chain mail of fire resistance
 t - a +2 cloak of willpower (worn)
 B - a +0 plate armour (worn)
 E - a +0 tower shield (worn)
 F - a +2 pair of boots (worn)
Jewellery
 x - a +4 ring of slaying (left hand)
Wands
 a - a wand of paralysis (2)
 c - a wand of acid (13)
 m - a wand of iceblast (10)
 r - a wand of flame (1)
Scrolls
 k - 2 scrolls of enchant weapon
 w - a scroll of immolation {unknown}
 y - a scroll of enchant armour
 A - 3 scrolls of teleportation
 D - a scroll of fog
Potions
 d - a potion of might
 f - 2 potions of haste {unknown}
 g - a potion of ambrosia {unknown}
 h - 3 potions of heal wounds
 i - 3 potions of brilliance
 l - 3 potions of curing
 o - 2 potions of flight {unknown}
 p - 3 potions of degeneration
 q - a potion of lignification {unknown}
 u - a potion of cancellation {unknown}
 z - 2 potions of mutation {unknown}
 C - a potion of invisibility


   Skills:
 + Level 8.7 Fighting
 + Level 11.0 Long Blades
 + Level 6.7 Slings
 - Level 0.1(3.7) Throwing
 + Level 9.8 Armour
 + Level 2.1 Dodging
 + Level 2.0 Stealth
 + Level 7.9 Shields
 + Level 1.6 Evocations


You had 9 spell levels left.
You didn't know any spells.
Your spell library contained the following spells:

 Spells                   Type           Power      Damage    Failure   Level
 Magic Dart               Conj           0%         1d3       100%        1
 Corpse Rot               Necr/Air       0%         N/A       100%        2
 Mephitic Cloud           Conj/Pois/Air  0%         N/A       100%        3
 Stone Arrow              Conj/Erth      0%         3d7       100%        3
 Cause Fear               Hex            0%         N/A       100%        4
 Dispel Undead            Necr           0%         3d6       100%        4
 Dragon Form              Tmut           0%         N/A       100%        7
 Lehudib's Crystal Spear  Conj/Erth      0%         10d2      100%        8
 Call Imp                 Summ           Unusable   N/A       N/A         2
 Animate Armour           Summ/Erth      Unusable   N/A       N/A         4
 Death Channel            Necr           Unusable   N/A       N/A         6
 Dragon's Call            Summ           Unusable   N/A       N/A         9

Dungeon Overview and Level Annotations

Branches:
Dungeon (9/15)             Temple (1/1) D:6             Orc (1/2) D:9
  IceCv (1/1)
   Lair: D:8-11

Altars:
Cheibriados
Fedhas
Hepliaklqana
Kikubaaqudgha
Qazlal
Ru
Vehumet

Shops:
D:4 [   D:5 *

Annotations:
D:9 1 runed translucent door, Gabide's ghost, journeyman GnMo IceCv exclusion: ice statue


Innate Abilities, Weirdness & Mutations

You have a pair of horns on your head.
You are hated by all.
You reflexively headbutt those who attack you in melee.


Message History

You slash the ice beast! Your headbutt misses the ice beast.
The ice beast is severely wounded.
You block the ice beast's attack.
You hit the ice beast.
The ice beast is severely wounded.
The ice beast hits you but does no damage.
You slash the ice beast!
You kill the ice beast!
The ice beast disappears in a puff of smoke!
You start resting.
HP restored.
As you read the scroll of identify, it crumbles to dust.
p - 3 potions of degeneration
Okay, then.
Press: ? - help, . - travel, g - get item You can't see that place. [Stash: a scroll labelled XATHRYMM SUXAO] [the floor.]
Okay, then.
Really walk into a travel-excluded area?
You slash the ice statue!
The ice statue is lightly damaged.
The ice statue gestures at you. The bolt of cold hits you!
You hit the ice statue but do no damage.
The ice statue is lightly damaged.
The ice statue gestures at you. The shard of ice hits you!!
You slash the ice statue!
The ice statue is moderately damaged.
The ice statue gestures at you.
The freezing blast engulfs you but does no damage.
You hit the ice statue.
The ice statue is moderately damaged.
You are engulfed in freezing vapours.
* * * LOW HITPOINT WARNING * * *
You are engulfed in freezing vapours.
* * * LOW HITPOINT WARNING * * *
You are engulfed in freezing vapours.
You die...

##### ##.....
##....... ##........
#### #8☼○......
##..## ##°°......
##....######○○°......
#.......##.@☼........
#..∩∩.............⌠..
#....................
##....##..##.........
##..########........
#### #?........
##........ ##.......
##.....


There were no monsters in sight!

Vanquished Creatures
  Erica (D:8)
  An ugly thing (D:9)
  An ice statue (IceCv)
  Joseph (D:7)
  Maggie (D:8)
  3 tengu conjurers (D:8)
  An ice devil (IceCv)
  A troll (D:6)
  Grinder (D:3)
  A hornet (D:8)
  Sigmund (D:2)
  2 wraiths (D:9)
  A wyvern (D:7)
  An acid dragon (D:9)
  2 water moccasins (D:7)
  2 ice beasts
  2 sky beasts
  2 orc warriors
  An ogre (D:5)
  A necrophage (D:5)
  A centaur (D:8)
  2 gnoll sergeants
  A wyvern zombie (D:6)
  A cane toad simulacrum (IceCv)
  5 wights (D:8)
  4 centaur zombies
  3 hounds
  2 centaur skeletons (D:6)
  A bullfrog skeleton (D:6)
  Crazy Yiuf (D:4)
  Jessica (D:3)
  4 iguanas
  Ijyb (D:4)
  4 orc wizards
  A polar bear simulacrum (IceCv)
  A spriggan simulacrum (IceCv)
  A killer bee zombie (D:6)
  2 hound skeletons
  13 gnolls
  9 adders
  2 naga simulacra (IceCv)
  2 shadow imps (D:5)
  12 white imps
  An ufetubus (D:7)
  An adder skeleton (D:4)
  6 dart slugs
  28 orcs
  3 ball pythons (D:1)
  5 bats
  4 endoplasms
  3 giant cockroaches
  3 goblins
  3 hobgoblins
  5 jackals
  A quokka (D:5)
  4 frilled lizards
  5 kobolds
  4 rats
177 creatures vanquished.

Notes
Turn   | Place    | Note
-------+----------+-------------------------------------------
     0 | D:1      | Plasmagod the Minotaur Fighter began the quest for the Orb.
     0 | D:1      | Reached XP level 1. HP: 19/19 MP: 0/0
   324 | D:1      | Reached XP level 2. HP: 25/27 MP: 1/1
  1182 | D:2      | Reached skill level 3 in Long Blades
  1182 | D:2      | Reached XP level 3. HP: 24/33 MP: 2/2
  1284 | D:2      | Noticed Sigmund
  1319 | D:2      | Killed Sigmund
  1320 | D:2      | Reached XP level 4. HP: 36/41 MP: 3/3
  1320 | D:2      | Reached XP level 5. HP: 42/47 MP: 4/4
  1371 | D:2      | Reached skill level 4 in Long Blades
  1740 | D:3      | Reached skill level 5 in Fighting
  1740 | D:3      | Reached skill level 5 in Armour
  1740 | D:3      | Reached skill level 5 in Shields
  1895 | D:3      | Noticed Grinder
  1928 | D:3      | Killed Grinder
  1929 | D:3      | Reached skill level 5 in Long Blades
  1929 | D:3      | Reached XP level 6. HP: 29/56 MP: 5/5
  2100 | D:3      | Noticed Jessica
  2113 | D:3      | Killed Jessica
  2431 | D:4      | Found Nugoul's Antique Armour Emporium.
  2487 | D:4      | Noticed Ijyb
  2500 | D:4      | Killed Ijyb
  2501 | D:4      | Reached XP level 7. HP: 53/61 MP: 6/6
  3040 | D:4      | Reached skill level 6 in Long Blades
  3388 | D:4      | Found a runed translucent door.
  3389 | D:4      | Noticed Crazy Yiuf
  3394 | D:4      | Killed Crazy Yiuf
  3632 | D:5      | Entered Level 5 of the Dungeon
  4064 | D:5      | Found Miroab's Assorted Antiques.
  4074 | D:5      | Reached skill level 7 in Long Blades
  4084 | D:5      | Reached skill level 1 in Dodging
  4084 | D:5      | Reached XP level 8. HP: 48/71 MP: 7/7
  4888 | D:6      | Reached skill level 8 in Long Blades
  5118 | D:6      | Found a staircase to the Ecumenical Temple.
  5124 | Temple   | Entered the Ecumenical Temple
  5151 | Temple   | Became a worshipper of Ru the Awakened
  5756 | D:6      | Reached skill level 1 in Slings
  6100 | D:7      | Noticed a troll
  6120 | D:6      | Killed a troll
  6121 | D:6      | Reached skill level 9 in Long Blades
  6121 | D:6      | Reached XP level 9. HP: 68/79 MP: 8/8
  6203 | D:7      | Noticed Joseph
  6467 | D:7      | Killed Joseph
  6820 | D:7      | Gained mutation: You are hated by all. [Ru sacrifice]
  6820 | D:7      | Reached * piety under Ru
  7072 | D:8      | Noticed Erica
  7189 | D:8      | Reached skill level 5 in Slings
  7251 | D:8      | Noticed a tengu conjurer
  7251 | D:8      | Noticed a tengu conjurer
  7251 | D:8      | Noticed a tengu conjurer
  7251 | D:8      | Found the +0 staff of Battle
  7603 | D:8      | Noticed Maggie
  7611 | D:8      | Killed Maggie
  7612 | D:8      | Reached skill level 10 in Long Blades
  7612 | D:8      | Reached skill level 1 in Stealth
  7629 | D:8      | Killed a tengu conjurer
  7732 | D:8      | Killed a tengu conjurer
  7733 | D:8      | Reached XP level 10. HP: 35/88 MP: 9/9
  7893 | D:8      | Killed Erica
  7894 | D:8      | Reached skill level 1 in Evocations
  8325 | D:9      | Noticed a cyan ugly thing
  8337 | D:9      | Killed a cyan ugly thing
  8490 | D:9      | Found a runed translucent door.
  8502 | D:9      | Noticed Gabide's ghost (journeyman GnMo)
  8862 | D:9      | Found a staircase to the Orcish Mines.
  9087 | Orc:1    | Entered Level 1 of the Orcish Mines
  9358 | Orc:1    | Found a frozen archway.
  9405 | IceCv    | Entered an ice cave
  9557 | IceCv    | Noticed an ice statue
  9557 | IceCv    | Noticed an ice statue
  9567 | IceCv    | Killed an ice statue
  9568 | IceCv    | Reached skill level 11 in Long Blades
 10390 | IceCv    | Engulfed by an ice statue's freezing vapour

Illustrated notes

Levels and vault maps discovered:
D:1:      amcnicky_arrival_blooded_trapdoor, layout_basic
D:2:      layout_rooms, chequers_serial_rivers_micro_b, grunt_ministairs_9,
          uniq_sigmund
D:3:      layout_rooms, uniq_jessica, uniq_grinder
D:4:      layout_basic, serial_shops, shop, uniq_ijyb, uniq_crazy_yiuf_cottage
D:5:      layout_loops_corners, serial_shops, kennysheep_mini
D:6:      layout_basic, minmay_temple_entry_statues_pillars
D:7:      layout_cave_pools, uniq_joseph
D:8:      layout_rooms, lemuel_crystal_altar,
          nicolae_concentric_dashed_squares_wild,
          hellmonk_guarded_unrand_staff_of_battle, uniq_maggie, uniq_erica
D:9:      layout_roguey, orc_0_dummy, ebering_ghost_reflecting_pool,
          nicolae_elevator_lobby_plus
Temple:   mainiacjoe_temple_circle_huts
Orc:1:    layout_caves, special_room [special_room_orc], serial_shops,
          nicolae_shop_waterfront, portal_ice_cave_entry_imps
IceCv:    ice_cave_tombish

Skill      XL: |  1  2  3  4  5  6  7  8  9 10 |
---------------+-------------------------------+-----
Armour         | 4 5 6 7 8 9 |  9.8
Fighting       | 4 5 6 7 8 |  8.7
Long Blades    | 3 5 7 9 10 11 | 11.0
Shields        | 4 5 6 7 |  7.9
Dodging        | 1 2 |  2.1
Slings         | 2 6 |  6.7
Stealth        | 1 2 |  2.0
Evocations     | 1 |  1.6
Throwing       | |  0.1

Action                   |  1- 3 |  4- 6 |  7- 9 | 10-12 || total
-------------------------+-------+-------+-------+-------++-------
Melee: Long sword        |    33 |       |       |       ||    33
       Headbutt          |     7 |    13 |    49 |    32 ||   101
       Falchion          |    17 |    74 |   289 |   164 ||   544
 Fire: Hunting sling     |       |       |    53 |    10 ||    63
Throw: Throwing net      |       |       |     1 |       ||     1
Invok: Sacrifice Love    |       |       |     1 |       ||     1
Evoke: Wand              |       |       |     6 |     5 ||    11
  Use: Scroll            |     2 |     5 |     7 |     2 ||    16
       Potion            |       |     1 |     2 |       ||     3
 Stab: Paralysed         |       |       |     3 |       ||     3
Armor: Scale mail        |    23 |    21 |    16 |       ||    60
       Chain mail        |       |       |   117 |    11 ||   128
       Plate armour      |       |       |       |    59 ||    59
Dodge: Dodged            |    20 |    19 |    71 |    13 ||   123
Block: Buckler           |    10 |    14 |    39 |       ||    63
       Tower shield      |       |       |    18 |    93 ||   111
